[Event "Polish Youth G18 Championship 2023"]
[Site "Jastrzebia Gora"]
[Date "2023.03.14"]
[Round "4.16"]
[White "Pietrzak, Emilia"]
[Black "Trybus, Dominika"]
[Result "1/2-1/2"]
[ECO "B14"]
[WhiteElo "1424"]
[BlackElo "1543"]
[Annotator "NA RC COMBH"]
[PlyCount "111"]
[EventDate "2023.03.11"]
[EventType "swiss"]
[EventCountry "POL"]
[SourceTitle "playchess.com"]
[Source "ChessBase"]
[SourceQuality "1"]
[TimeControl "40/5400+30:1800+30"]

1. e4 c6 2. d4 d5 3. exd5 cxd5 4. c4 Nf6 5. Nc3 e6 6. Nf3 Bd6 7. cxd5 Nxd5 8. Nxd5 exd5 9. Bd3 Bg4 10. O-O O-O 11. Be2 Nc6 12. Be3 Qc7 13. h3 Bh5 14. Rc1 Rfe8 15. Nh4 Bxe2 16. Qxe2 Re4 17. Nf5 Bf8 18. Ng3 Re6 19. Qd3 g6 20. Ne2 Qd7 21. Nf4 Re4 22. f3 Re7 23. Rc5 Rxe3 24. Qxe3 Bxc5 25. dxc5 d4 26. Qd2 Re8 27. Nd3 Qf5 28. Re1 Rxe1+ 29. Nxe1 Qxc5 30. Nd3 Qe7 31. Kf1 Qe6 32. b3 Qd6 33. Kf2 b6 34. Qe2 Ne7 35. Qe4 Nf5 36. Qe8+ Kg7 37. Qe5+ Qxe5 38. Nxe5 Kf6 39. Nc6 d3 40. Nxa7 Ke5 41. g4 d2 42. Ke2 Nd4+ 43. Kxd2 Nxf3+ 44. Ke3 Nd4 45. Nc8 b5 46. Nb6 Nc2+ 47. Kd2 Nb4 48. a3 Nc6 49. Ke3 Ne7 50. Nd7+ Kd6 51. Nf6 h6 52. Ke4 Ke6 53. Ne8 Kd7 54. Nf6+ Ke6 55. Ne8 Kd7 56. Nf6+ 1/2-1/2

[Event "Polish Youth G18 Championship 2023"]
[Site "Jastrzebia Gora"]
[Date "2023.03.14"]
[Round "4.17"]
[White "Dallemura, Anna"]
[Black "Pietruszka, Julia"]
[Result "1-0"]
[ECO "C65"]
[WhiteElo "1496"]
[BlackElo "1151"]
[Annotator "NA RC COMBH"]
[PlyCount "73"]
[EventDate "2023.03.11"]
[EventType "swiss"]
[EventCountry "POL"]
[SourceTitle "playchess.com"]
[Source "ChessBase"]
[SourceQuality "1"]
[TimeControl "40/5400+30:1800+30"]

1. e4 e5 2. Nf3 Nc6 3. Bb5 Nf6 4. d3 Bc5 5. O-O d6 6. c3 a6 7. Ba4 b5 8. Bc2 Bb6 9. Nbd2 O-O 10. h3 Ne7 11. Re1 Ng6 12. Nf1 Re8 13. Ng3 Bb7 14. d4 exd4 15. cxd4 c5 16. b3 h6 17. d5 Nd7 18. Nh2 Nde5 19. Rf1 Rc8 20. Nf5 c4 21. Kh1 cxb3 22. axb3 Ne7 23. Ng3 N7g6 24. f4 Nd7 25. Bb2 Nf6 26. Bd3 Be3 27. Bxf6 Qxf6 28. Ng4 Qd4 29. Nf5 Qb4 30. Ngxe3 Ne7 31. Qg4 g6 32. Nxh6+ Kg7 33. Nhf5+ Nxf5 34. Nxf5+ Kf8 35. Nh4 Qd4 36. Rad1 Rc3 37. Bxb5 1-0

[Event "Polish Youth G18 Championship 2023"]
[Site "Jastrzebia Gora"]
[Date "2023.03.14"]
[Round "4.18"]
[White "Gornisiewicz, Natalia"]
[Black "Sivickis, Kornelia"]
[Result "1-0"]
[ECO "A04"]
[WhiteElo "1287"]
[BlackElo "1328"]
[Annotator "NA RC COMBH"]
[PlyCount "63"]
[EventDate "2023.03.11"]
[EventType "swiss"]
[EventCountry "POL"]
[SourceTitle "playchess.com"]
[Source "ChessBase"]
[SourceQuality "1"]
[TimeControl "40/5400+30:1800+30"]

1. Nf3 c5 2. c4 Nc6 3. e3 Nf6 4. d4 cxd4 5. exd4 e6 6. Be2 Be7 7. O-O O-O 8. d5 exd5 9. cxd5 Nb4 10. d6 Bxd6 11. Qxd6 Nc2 12. Na3 Nxa1 13. Bg5 Re8 14. Bc4 h6 15. Bxf6 Qxf6 16. Qxf6 gxf6 17. Rxa1 a6 18. Bd5 Rb8 19. Nc4 b5 20. Nd6 Rf8 21. Nd4 a5 22. N4f5 Kh7 23. Bxf7 Rb6 24. Bd5 Ba6 25. Re1 Kg6 26. f4 Rxd6 27. Nxd6 f5 28. Re7 Rf6 29. Ne8 h5 30. Nxf6 Kxf6 31. Rf7+ Kg6 32. Rxd7 1-0

[Event "Polish Youth G18 Championship 2023"]
[Site "Jastrzebia Gora"]
[Date "2023.03.14"]
[Round "4.19"]
[White "Tittor, Weronika"]
[Black "Lopusiewicz, Marta"]
[Result "0-1"]
[ECO "B13"]
[WhiteElo "1226"]
[BlackElo "1180"]
[Annotator "NA RC COMBH"]
[PlyCount "74"]
[EventDate "2023.03.11"]
[EventType "swiss"]
[EventCountry "POL"]
[SourceTitle "playchess.com"]
[Source "ChessBase"]
[SourceQuality "1"]
[TimeControl "40/5400+30:1800+30"]

1. e4 c6 2. d4 d5 3. exd5 cxd5 4. Nf3 Nc6 5. c3 Bg4 6. Qb3 Bxf3 7. Qxb7 Qc8 8. Qxc8+ Rxc8 9. gxf3 Nxd4 10. f4 Nc2+ 11. Kd1 Nxa1 12. Bb5+ Kd8 13. Be3 Rc7 14. Na3 e6 15. Kd2 Bc5 16. Rxa1 Nf6 17. Nc2 Bxe3+ 18. fxe3 Ne4+ 19. Kd3 Ke7 20. Nd4 Rhc8 21. Rb1 Nd6 22. Ba4 f6 23. Nf3 a5 24. Bb3 Rb8 25. Bc2 Nc4 26. b4 Na3 27. Rg1 Nxc2 28. Rxg7+ Kd6 29. Rxc7 Kxc7 30. Kxc2 axb4 31. cxb4 Rxb4 32. Nd4 e5 33. fxe5 fxe5 34. Ne6+ Kd6 35. Ng5 Rh4 36. Nf7+ Ke6 37. Ng5+ Kf6 0-1

[Event "Polish Youth G18 Championship 2023"]
[Site "Jastrzebia Gora"]
[Date "2023.03.14"]
[Round "4.20"]
[White "Bauer, Marika"]
[Black "Nagly, Malgorzata"]
[Result "1-0"]
[ECO "B40"]
[WhiteElo "1183"]
[BlackElo "1041"]
[Annotator "NA RC COMBH"]
[PlyCount "67"]
[EventDate "2023.03.11"]
[EventType "swiss"]
[EventCountry "POL"]
[SourceTitle "playchess.com"]
[Source "ChessBase"]
[SourceQuality "1"]
[TimeControl "40/5400+30:1800+30"]

1. e4 c5 2. Nf3 e6 3. d4 cxd4 4. Nxd4 Nf6 5. Nc3 Nc6 6. Nb3 Bb4 7. Bd3 d5 8. exd5 Nxd5 9. Bd2 O-O 10. Nxd5 Qxd5 11. O-O Bd6 12. Re1 e5 13. Be4 Qe6 14. Qh5 f5 15. Bxc6 bxc6 16. Bf4 c5 17. Qe2 Re8 18. Qd2 Qg6 19. Qd5+ Be6 20. Qxd6 exf4 21. Qxf4 Rab8 22. Rab1 Qf6 23. Qe5 Qf7 24. Qc3 Rbc8 25. Ra1 c4 26. Nd4 Bd5 27. Rxe8+ Rxe8 28. Re1 Rd8 29. Qa5 Rd6 30. Qc5 Rg6 31. Qc8+ Qf8 32. Re8 Kf7 33. Rxf8+ Ke7 34. Nxf5# 1-0